 Dungeon Crawl Stone Soup version 0.26-a0-969-g2c58977ddd (webtiles) character file.

Game seed: 3990092730611142490

86 Gildeon the Cudgeller (level 4, -2/28 HPs)
             Began as a Gargoyle Fighter on Dec 4, 2020.
             Slain by a goblin (4 damage)
             ... led by Robin
             ... on level 2 of the Dungeon.
             The game lasted 00:01:54 (1314 turns).

Gildeon the Cudgeller (Gargoyle Fighter)            Turns: 1314, Time: 00:01:55

Health: -2/28      AC: 10    Str: 20    XL:     4   Next: 50%
Magic:  4/4        EV:  7    Int:  9    God:
Gold:   45         SH:  9    Dex:  9    Spells: 3/3 levels left

rFire    . . .     SeeInvis .   a - +0 flail
rCold    . . .     Faith    .   c - +0 kite shield
rNeg     + . .     Spirit   .   b - +0 scale mail
rPois    ∞         Reflect  .   (no helmet)
rElec    +         Harm     .   (no cloak)
rCorr    .         Rampage  .   (no gloves)
MR       .....                  (no boots)
Stlth    ..........             (no amulet)
HPRegen  0.09/turn              (no ring)
MPRegen  0.09/turn              (no ring)

@: no status effects
A: negative energy resistance 1, electricity resistance, unbreathing,
petrification resistance, rot immunity, AC +3
a: no special abilities


You were on level 2 of the Dungeon.
You visited 1 branch of the dungeon, and saw 2 of its levels.

You collected 45 gold pieces.

Inventory:

Hand Weapons
 a - a +0 flail (weapon)
Armour
 b - a +0 scale mail (worn)
 c - a +0 kite shield (worn)
Scrolls
 e - a scroll of fear {unknown}
 g - 2 scrolls of amnesia {unknown}
 h - 2 scrolls of magic mapping {unknown}
 j - 2 scrolls of identify {unknown}
Potions
 d - a potion of might
 f - a potion of heal wounds {unknown}
 i - a potion of berserk rage {unknown}
 k - 2 potions of haste {unknown}
 l - a potion of resistance {unknown}


   Skills:
 - Level 3.3 Fighting
 + Level 4.4 Maces & Flails
 - Level 3.3 Armour
 - Level 3.3 Shields


You had 3 spell levels left.
You didn't know any spells.
Your spell library was empty.

Dungeon Overview and Level Annotations

Branches:
Dungeon (2/15)

Altars:


Innate Abilities, Weirdness & Mutations

You are resistant to torment.
Your stone body is resilient. (AC +3)
You are immune to poison.
You resist negative energy. (rN+)
You are resistant to electric shocks. (rElec)
You can survive without breathing.
You are immune to petrification.
You are immune to rotting.


Message History

Robin is severely wounded.
The goblin hits you but does no damage. You block Robin's attack.
The goblin hits you with a +0 club.
* * * LOW HITPOINT WARNING * * *
You block the goblin's attack.
You barely miss Robin.
Robin is severely wounded.
The goblin closely misses you. The goblin hits you but does no damage.
The goblin hits you.
* * * LOW HITPOINT WARNING * * *
The goblin hits you but does no damage.
You hit Robin.
Robin is severely wounded.
The goblin closely misses you. You block the goblin's attack.
The goblin closely misses you.
You sock Robin!
You kill Robin!
You block the goblin's attack. The goblin barely misses you.
The goblin hits you.
You die...

### ..# #.# #.#
#.# # #
####.###.# #.#
#..gg)...# ..
#.##@# # #.##g#
# #.##.# #
#.##.# # #.##.#
#######.##÷#
####
...........#
....
######.####
#############.#


You could see 3 goblins.

Vanquished Creatures
  Natasha (twice) (D:2)
  Robin (D:2)
  A dart slug (D:1)
  A leopard gecko (D:2)
  A ball python (D:2)
  A giant cockroach (D:1)
  6 hobgoblins
  4 jackals (D:1)
  2 bats (D:1)
  2 frilled lizards (D:1)
  6 goblins
  5 kobolds
  3 rats
35 creatures vanquished.

Notes
Turn   | Place    | Note
-------+----------+-------------------------------------------
     0 | D:1      | Gildeon the Gargoyle Fighter began the quest for the Orb.
     0 | D:1      | Reached XP level 1. HP: 14/14 MP: 1/1
    76 | D:1      | Reached XP level 2. HP: 19/19 MP: 2/2
   432 | D:1      | Reached skill level 3 in Maces & Flails
   616 | D:1      | Reached XP level 3. HP: 23/23 MP: 3/3
  1006 | D:2      | Noticed Natasha
  1018 | D:2      | HP: 1/23 [Natasha (3)]
  1019 | D:2      | Killed Natasha
  1020 | D:2      | Reached skill level 4 in Maces & Flails
  1020 | D:2      | Reached XP level 4. HP: 2/28 MP: 4/4
  1283 | D:2      | Noticed Natasha
  1289 | D:2      | Killed Natasha
  1289 | D:2      | Noticed Robin
  1314 | D:2      | Killed Robin
  1314 | D:2      | Slain by a goblin

Illustrated notes

Levels and vault maps discovered:
D:1:      nicolae_arrival_washed_ashore, layout_basic
D:2:      layout_loops_ring, gammafunk_temple_overflow_wave,
          gammafunk_temple_overflow_forgotten, minmay_misc_feat_four_crosses,
          uniq_natasha, uniq_robin

Skill      XL: |  1  2  3 |
---------------+----------+-----
Maces & Flails | 3 4 |  4.4
Fighting       | |  3.3
Armour         | |  3.3
Shields        | |  3.3

Action                   |  1- 3 |  4- 6 || total
-------------------------+-------+-------++-------
Melee: Flail             |   102 |    26 ||   128
Armor: Scale mail        |    44 |    21 ||    65
Dodge: Dodged            |    22 |    18 ||    40
Block: Kite shield       |    56 |    24 ||    80

Table legend: (Time is in decaauts)
 A = Elapsed time spent in this place.
 B = Non-inter-level travel time spent in this place.
 C = Inter-level travel time spent in this place.
 D = Time resting spent in this place.
 E = Time spent auto-exploring this place.
 F = Levels seen in this place.
 G = Mean time per level.
                   A        B        C        D        E       F      G
               +--------+--------+--------+--------+--------+-----+--------+
         Total |   1354 |   1337 |     17 |      0 |   1062 |   2 |  677.0 |
       Dungeon |   1354 |   1337 |     17 |      0 |   1062 |   2 |  677.0 |
               +--------+--------+--------+--------+--------+-----+--------+

Top non-repeatable levels by time:
     D:1: 781 daAuts
     D:2: 572 daAuts
